 Dungeon Crawl Stone Soup version 0.17-a0-1849-g8a24fa2 (webtiles) character file.

3 Sixotanaka the Chiller (level 1, 0/15 (16) HPs)
             Began as a Ghoul Wanderer on Sept 18, 2015.
             Slain by a goblin
             ... wielding a +0 club
              (3 damage)
             ... on level 1 of the Dungeon.
             The game lasted 00:00:44 (112 turns).

Sixotanaka the Chiller (Ghoul Wanderer)              Turns: 112, Time: 00:00:45

HP:   0/15 (16)     AC:  2    Str: 16    XL:     1   Next: 50%
MP:   0/0           EV: 11    Int:  8    God:
Gold: 5             SH:  0    Dex:  6    Spells: 0 memorised, 0 levels left

rFire  . . .     SeeInvis .       - Unarmed
rCold  + . .     Clarity  .     d - +0 robe
rNeg   + + +     SustAt   .     (no shield)
rPois  ∞         Gourm    .     (no helmet)
rElec  .         Spirit   .     (no cloak)
rCorr  .         Warding  .     (no gloves)
rMut   .         Stasis   .     (no boots)
MR     .....                    (no amulet)
Stlth  +.........               (no ring)
                                (no ring)

@: rotting, not resistant to hostile enchantments, very unstealthy
A: rotting body, claws 1, carnivore 3, cold resistance 1, negative energy
resistance 3, slow healing 1, torment resistance, unbreathing
a: no special abilities


You were on level 1 of the Dungeon.
You were not hungry.

You visited 1 branch of the dungeon, and saw 1 of its levels.

You collected 5 gold pieces.


Innate Abilities, Weirdness & Mutations

Your body is rotting away.
You thrive on raw meat.
You are immune to poison.
You have sharp fingernails.
You are carnivorous and can eat meat at any time.
Your flesh is cold resistant.
You are immune to negative energy.
You heal slowly when monsters are visible.
You are immune to unholy pain and torment.
You can survive without breathing.


   Skills:
 - Level 1.1 Fighting
 - Level 1.7 Maces & Flails
 - Level 1.0 Throwing
   Level 1.0 Shields
 + Level 1.0 Unarmed Combat
   Level 1.0 Necromancy
   Level 4.3 Ice Magic


You couldn't memorise any spells.
You didn't know any spells.

Dungeon Overview and Level Annotations

Branches:
Dungeon (1/15)

Altars:

Inventory:

Hand weapons
 a - a +2 mace
Armour
 d - a +0 robe (worn)
Scrolls
 c - a scroll of teleportation {@r4}
 g - 3 scrolls of fear {unknown}
Potions
 f - a potion of degeneration {unknown}
Books
 b - Cigotuvi's Tome of Moulding

   Spells                             Type                      Level
   a - Sticks to Snakes               Transmutation                2
   b - Stoneskin                      Transmutation/Earth          2
Comestibles
 e - a meat ration

# .. #. #. #.########### ..
. ..#.......###### .#
#.#.#.#####......# .#
#.#.#.#####.####.###.######
#.......[##.#....g........#
###.#.##........@##.#####.
###.#.#####.#....##)#
....#............##..
##.################..# #.#
#..# #.# #... #.## ###.
#..# .# ##.#########


You could see a goblin.


Message History

You kill the rat!
You start resting.
You feel your flesh rotting away.
You start resting.
You feel your flesh rotting away.
Wield which item (- for none, * to show all)? (? for menu, Esc to quit)
You are now empty-clawed.
Found a ruby potion and 3 scrolls labeled RINOGH NOWIUTH.
A rat comes into view.
You see here a ruby potion.
A rat is nearby!
f - a ruby potion A rat comes into view.
You see here 3 scrolls labeled RINOGH NOWIUTH.
g - 3 scrolls labeled RINOGH NOWIUTH The rat closely misses you.
Really attack barehanded? [Y]es or [N]o only, please.
Really attack barehanded? [Y]es or [N]o only, please.
Really attack barehanded? [Y]es or [N]o only, please.
Really attack barehanded? [Y]es or [N]o only, please.
Really attack barehanded? [Y]es or [N]o only, please.
Really attack barehanded? [Y]es or [N]o only, please.
Really attack barehanded?
You scratch the rat.
You kill the rat!
A rat is nearby!
The rat bites you but does no damage.
You see here a rat corpse.
You barely miss the rat. The rat bites you.
You barely miss the rat. The rat closely misses you.
You scratch the rat.
You kill the rat!
You butcher the rat corpse.
h - a chunk of flesh Eat a chunk of flesh? (ye/n/q/i?)
You feel more resilient.
This raw flesh tastes great!
You continue eating. x2
Found 5 gold pieces.
Eat which item? (? for menu, Esc to quit)
Okay, then.
You now have 5 gold pieces.
Found a robe.
A hobgoblin comes into view. It is wielding a club.
The hobgoblin shouts!
The hobgoblin hits you with a club.
You closely miss the hobgoblin. The hobgoblin hits you with a club.
You closely miss the hobgoblin. The hobgoblin completely misses you.
You barely miss the hobgoblin. The hobgoblin barely misses you.
You barely miss the hobgoblin. The hobgoblin hits you with a club.
* * * LOW HITPOINT WARNING * * *
You barely miss the hobgoblin.
You scratch the hobgoblin but do no damage.
The hobgoblin hits you but does no damage.
A goblin comes into view. It is wielding a club.
You scratch the hobgoblin. The hobgoblin closely misses you.
You closely miss the hobgoblin. The hobgoblin closely misses you.
You closely miss the hobgoblin. The hobgoblin hits you with a club.
* * * LOW HITPOINT WARNING * * *
You scratch the hobgoblin.
You kill the hobgoblin!
Your Unarmed Combat skill increases to level 1!
You barely miss the goblin. The goblin closely misses you.
You barely miss the goblin. The goblin hits you with a club.
You die...

Action                   || total
-------------------------++-------
Melee: Unarmed           ||    16
       Mace              ||     3
  Eat: Chunk             ||     1

Vault maps used:
D:1:      onia_arrival_mini_maze

Notes
Turn   | Place    | Note
--------------------------------------------------------------
     0 | D:1      | Sixotanaka the Ghoul Wanderer began the quest for the Orb.
     0 | D:1      | Sixotanaka set off with: a +2 mace, Cigotuvi's Tome of Moulding, a scroll of teleportation {@r4}, a +0 robe, a meat ration
     0 | D:1      | Reached XP level 1. HP: 16/16 MP: 0/0
   106 | D:1      | HP: 3/15 [hobgoblin/club (4)]
   107 | D:1      | Reached skill level 1 in Unarmed Combat
   112 | D:1      | Slain by a goblin

Vanquished Creatures
  A hobgoblin (D:1)
  3 rats (D:1)
4 creatures vanquished.
